 Dungeon Crawl Stone Soup version 0.31.0-32-g396128a36d (webtiles) character file.

Game seed: 2079698035246497973

246 Gabide the Cudgeller (level 5, 0/45 HPs)
             Began as a Draconian Reaver on Apr 12, 2024.
             Succumbed to an adder's poison
             ... on level 2 of the Dungeon.
             The game lasted 00:02:44 (712 turns).

Gabide the Cudgeller (Draconian Reaver)              Turns: 712, Time: 00:02:45

Health: 0/45       AC:  6    Str: 16    XL:     5   Next: 84%
Magic:  18/18      EV: 12    Int: 17    God:
Gold:   87         SH:  0    Dex: 10    Spells: 9/10 levels left

rFire   . . .        a - +9 war axe of the Spectre {freeze, rC+ Int+4}
rCold   + . .        (no shield)
rNeg    . . .        (body armour unavailable)
rPois   .            (helmet restricted)
rElec   .            (no cloak)
rCorr   .            (no gloves)
SInv    +            o - +0 pair of boots
Will    .....        (no amulet)
Stlth   +            d - ring of see invisible
HPRegen 0.27/turn    n - ring of magical power
MPRegen 0.16/turn

%: no passive effects
@: lethally poisoned (0 -> 0), attractive, hasted, invisible, very quick
A: AC +5, unfitting armour, cold-blooded
a: no special abilities


You were on level 2 of the Dungeon.
You visited 1 branch of the dungeon, and saw 2 of its levels.

You collected 87 gold pieces.

Inventory:

Hand Weapons
 a - the +9 war axe of the Spectre (weapon) {freeze, rC+ Int+4}
   (You found it on level 2 of the Dungeon)

   Int+4:     It affects your intelligence (+4).
   rC+:       It protects you from cold.
 b - a +0 mace
Armour
 o - a +0 pair of boots (worn)
Jewellery
 d - a ring of see invisible (left hand)
 n - a ring of magical power (right hand)
Scrolls
 f - a scroll of identify {unknown}
 g - a scroll of amnesia {unknown}
 l - a scroll of teleportation {unknown}
 m - 2 scrolls of vulnerability {unknown}
Potions
 e - a potion of magic {unknown}
 h - a potion of attraction
 j - a potion of brilliance {unknown}
 k - a potion of mutation {unknown}


   Skills:
 + Level 3.5 Fighting
 * Level 2.5(3.6) Axes
 + Level 3.9(4.3) Maces & Flails
 + Level 2.9 Dodging
 - Level 3.0 Spellcasting
 - Level 3.0 Conjurations


You had 9 spell levels left.
You knew the following spells:

 Your Spells              Type           Power      Damage    Failure   Level
a - Kiss of Death         Conj/Necr      28%        2d7       10%         1

Your spell library contained the following spells:

 Spells                   Type           Power      Damage    Failure   Level
 Momentum Strike          Conj/Tloc      14%        3d8       14%         2
 Hailstorm                Conj/Ice       7%         3d5       28%         3
 Summon Ice Beast         Ice/Summ       2%         N/A       45%         3
 Summon Mana Viper        Hex/Summ       2%         N/A       99%         5
 Monstrous Menagerie      Summ           1%         N/A       100%        7


Dungeon Overview and Level Annotations

Branches:
Dungeon (2/15)

Altars:

Annotations:
D:2 Robin


Innate Abilities, Weirdness & Mutations

Your plain brown scales are hard. (AC +5)
You cannot fit into any form of body armour.
You are cold-blooded and may be slowed by cold attacks.


Message History

You kill the goblin!
You slash the goblin! You freeze the goblin.
You kill the goblin!
You feel sick. Robin hits you but does no damage.
You feel sick.
Robin hits you from afar with a +2 trident of protection.
Things that are here:
a +0 pair of gloves; a hobgoblin corpse; an adder corpse You slash the goblin!
You freeze the goblin.
You kill the goblin!
You feel sick. Robin hits you but does no damage.
You miss the adder. You tail-slap the adder.
The adder is lightly wounded.
You feel sick.
You are no longer poisoned.
Robin hits you but does no damage. The adder bites you but does no damage.
Robin hits you but does no damage. The adder bites you.
* * * LOW HITPOINT WARNING * * *
You are poisoned.
The adder poisons you!
You slash the adder!
The adder seems to slow down.
You freeze the adder.
The adder is almost dead.
You feel sick. Robin closely misses you. The adder closely misses you.
You closely miss the adder.
The adder is almost dead.
You feel sick. Robin hits you but does no damage. The adder barely misses you.
Robin hits you from afar with a +2 trident of protection.
* * * LOW HITPOINT WARNING * * *
It was a potion of attraction.
You feel attractive to monsters.
* * * LOW HITPOINT WARNING * * *
You feel sick. The adder closely misses you. Robin barely misses you.
Robin is attracted toward you.
It was a potion of invisibility.
You fade into invisibility!
* * * LOW HITPOINT WARNING * * *
You feel sick.
The adder is no longer moving slowly.
The adder closely misses you. Robin misses you.
It was a potion of haste.
You feel yourself speed up.
You die...

## .. .# .. . #. ##
...###. ..# #....§.##.#
#g@#.#####..# ##
#S.......##.# ...
#.....)#)#.##..#.# ....
...$.###....# ..###....
..... ##...# .........
..... ##..####........
... ....##..##...†#)...$
........................
.>....##.............


You could see Robin (unable to see you) and an adder (unable to see you).

Vanquished Creatures
  Sigmund (D:2)
  Jessica (D:2)
  2 adders (D:2)
  2 dart slugs
  2 bats (D:2)
  3 endoplasms
  14 goblins
  3 hobgoblins
  2 kobolds (D:1)
  A quokka (D:1)
  2 ball pythons (D:1)
  A frilled lizard (D:2)
  2 rats (D:2)
36 creatures vanquished.

Notes
Turn   | Place    | Note
-------+----------+-------------------------------------------
     0 | D:1      | Gabide the Draconian Reaver began the quest for the Orb.
     0 | D:1      | Reached XP level 1. HP: 17/17 MP: 3/3
    95 | D:1      | Reached XP level 2. HP: 18/21 MP: 5/5
   497 | D:2      | Noticed Jessica
   506 | D:2      | Killed Jessica
   507 | D:2      | Reached XP level 3. HP: 23/30 MP: 6/6
   509 | D:2      | Identified the +9 war axe of the Spectre {freeze, rC+
                  | Int+4}
   565 | D:2      | Noticed Sigmund
   575 | D:2      | Killed Sigmund
   576 | D:2      | Reached XP level 4. HP: 36/38 MP: 6/8
   576 | D:2      | Reached XP level 5. HP: 43/45 MP: 6/9
   693 | D:2      | Noticed Robin
   710 | D:2      | HP: 2/45 [poisoned by an adder]
   712 | D:2      | Succumbed to an adder's poison

Illustrated notes

Levels and vault maps discovered:
D:1:      dpeg_arrival_simpleton_c, layout_rooms
D:2:      layout_rooms, uniq_robin, uniq_sigmund, uniq_jessica

Skill      XL: |  1  2  3  4  5 |
---------------+----------------+-----
Dodging        | 2 |  2.9
Fighting       | 3 |  3.5
Axes           | 2 |  2.5
Spellcasting   | 3 |  3.0
Maces & Flails | |  3.9
Conjurations   | |  3.0

Action                     |  1- 3 |  4- 6 || total
---------------------------+-------+-------++-------
  Melee: Mace              |    34 |       ||    34
         Tailslap          |     3 |     2 ||     5
         Punch             |     1 |     1 ||     2
         War axe           |     8 |    19 ||    27
   Cast: Kiss of Death     |     1 |       ||     1
    Use: Potion            |       |     3 ||     3
 Armour: Skin              |    23 |    32 ||    55
  Dodge: Dodged            |    33 |    20 ||    53
